 Dungeon Crawl Stone Soup version 0.32-a0-765-gfba4d74c8c (webtiles) character file.

Game seed: 15460485616117103569

274696 tabpardr the Scorcher (level 20, -3/147 (174) HPs)
             Began as a Naga Hedge Wizard on Mar 18, 2024.
             Was the Champion of Cheibriados.
             Slain by a war gargoyle
             ... wielding a +0 morningstar of draining
             ... led by a peacekeeper
              (47 damage)
             ... on level 2 of the Vaults.
             The game lasted 05:06:40 (30096 turns).

tabpardr the Scorcher (Naga Hedge Wizard)          Turns: 30096, Time: 05:06:41

HP:   -3/147 (174)  AC: 22    Str: 30    XL:     20   Next: 32%
MP:   27/39         EV: 10    Int: 37    God:    Cheibriados [******]
Gold: 841           SH: 10    Dex: 26    Spells: 5/49 levels left

rFire   + + .        T - +5 demon trident (venom)
rCold   + + .        Y - +1 buckler {rC+}
rNeg    . . .        K - +0 troll leather armour
rPois   +            l - +0 helmet
rElec   .            O - scarf {rC+ rF+}
rCorr   +            i - +0 pair of gloves
SInv    +            D - +2 barding of the Plum {rF+ rCorr Str+3}
Will    ++...        V - amulet of regeneration
Stlth   +++++        k - +4 ring of protection
HPRegen 2.04/turn    o - ring of flight
MPRegen 0.26/turn

%: no passive effects
@: on blink cooldown, flying, studying Earth Magic, heavily drained, very slow
A: AC +6, large, see invisible, deformed body, poison resistance, slowness 2,
spit poison 1, naga tail 2, weak 1
}: 2/15 runes: barnacled, gossamer
a: Spit Poison, Renounce Religion, Bend Time, Temporal Distortion, Slouch, Step
From Time


You were on level 2 of the Vaults.
You worshipped Cheibriados.
Cheibriados was exalted by your worship.
You visited 7 branches of the dungeon, and saw 31 of its levels.
You also visited: Ice Cave.

You collected 5219 gold pieces.
You spent 4378 gold pieces at shops.

Inventory:

Hand Weapons
 e - a +1 broad axe
 E - a +3 broad axe
 M - a +5 heavy trident
 S - a +0 demon trident of electrocution
 T - a +5 demon trident of venom (weapon)
 Z - a +0 heavy hand cannon
Missiles
 c - 3 curare-tipped darts
 F - 7 silver javelins (quivered)
 Q - 18 javelins
Armour
 i - a +0 pair of gloves (worn)
 l - a +0 helmet (worn)
 n - a +2 barding of flying
 D - the +2 barding of the Plum (worn) {rF+ rCorr Str+3}
   (You acquired it on level 10 of the Dungeon)

   Str+3:     It affects your strength (+3).
   rF+:       It protects you from fire.
   rCorr:     It protects you from acid and corrosion.
 G - a scarf of repulsion
 K - a +0 troll leather armour (worn)
 O - a scarf of resistance (worn)
 Y - a +1 buckler of cold resistance (worn)
Magical Staves
 f - a staff of fire
 m - a staff of earth
 L - a staff of conjuration
Jewellery
 k - a +4 ring of protection (left hand)
 o - a ring of flight (right hand)
 H - an amulet of reflection
 V - an amulet of regeneration (around neck)
 W - a ring of willpower
Wands
 q - a wand of acid (4)
 U - a wand of roots (28)
Scrolls
 a - 2 scrolls of immolation
 b - 4 scrolls of enchant weapon
 p - 3 scrolls of blinking
 r - 2 scrolls of silence
 t - 5 scrolls of fog
 u - 8 scrolls of poison
 v - 3 scrolls of identify
 y - 10 scrolls of teleportation
 C - 2 scrolls of revelation
 I - 3 scrolls of torment
 J - 2 scrolls of enchant armour
 P - a scroll of fear
Potions
 d - 3 potions of magic
 g - 3 potions of attraction
 h - 5 potions of enlightenment
 j - 5 potions of might
 s - a potion of cancellation
 w - 7 potions of lignification
 x - 6 potions of mutation
 z - 4 potions of heal wounds
 A - 10 potions of brilliance
 B - 9 potions of curing
 N - a potion of resistance
 X - 13 potions of ambrosia


   Skills:
 * Level 9.2 Fighting
 - Level 2.0 Polearms
 * Level 1.8 Ranged Weapons
 - Level 5.0 Armour
 * Level 4.7 Dodging
 * Level 11.9 Stealth
 * Level 12.6 Shields
 * Level 15.0 Spellcasting
 * Level 12.2 Conjurations
 - Level 3.0 Summonings
 * Level 5.9 Necromancy
 - Level 3.0 Translocations
 - Level 17.2 Fire Magic
 - Level 6.0 Ice Magic
 - Level 6.0 Air Magic
 * Level 6.0 Earth Magic
 - Level 8.0 Alchemy
 - Level 11.0 Invocations
 - Level 1.0 Evocations


You had 5 spell levels left.
You knew the following spells:

 Your Spells              Type           Power      Damage    Failure   Level
a - Magic Dart            Conj           100%       1d8       0%          1
b - Olgreb's Toxic Radia  Alch           72%        N/A       1%          4
c - Mephitic Cloud        Conj/Alch/Air  75%        N/A       1%          3
d - Blink                 Tloc           100%       N/A       1%          2
e - Sublimation of Blood  Necr           64%        N/A       1%          2
f - Irradiate             Conj/Alch      40%        3d25      1%          5
g - Freezing Cloud        Conj/Ice/Air   36%        6-21      1%          5
h - Stone Arrow           Conj/Erth      100%       3d13      1%          3
i - Ignition              Fire           50%        3d14      9%          8
j - Dispel Undead         Necr           64%        3d22      1%          4
k - Orb of Destruction    Conj           43%        9d12      9%          7

Your spell library contained the following spells:

 Spells                   Type           Power      Damage    Failure   Level
 Sandblast                Erth           100%       2d20      1%          1
 Slow                     Hex            100%       N/A       1%          1
 Sting                    Conj/Alch      100%       1d9       1%          1
 Call Imp                 Summ           100%       N/A       1%          2
 Cigotuvi's Dreadful Rot  Necr/Alch/Air  100%       N/A       1%          2
 Mercury Vapours          Alch/Air       100%       N/A       1%          2
 Momentum Strike          Conj/Tloc      100%       3d10      1%          2
 Dazzling Flash           Conj/Hex       100%       N/A       1%          3
 Fugue of the Fallen      Necr           64%        N/A       1%          3
 Hailstorm                Conj/Ice       77%        3d13      1%          3
 Inner Flame              Hex/Fire       75%        N/A       1%          3
 Summon Ice Beast         Ice/Summ       57%        N/A       1%          3
 Vampiric Draining        Necr           64%        2d10      1%          3
 Volatile Blastmotes      Fire/Tloc      100%       2d18      1%          3
 Animate Dead             Necr           64%        N/A       1%          4
 Brom's Barrelling Bould  Conj/Erth      77%        2d9       1%          4
 Iskenderun's Mystic Bla  Conj/Tloc      71%        2d14      1%          4
 Petrify                  Alch/Erth      68%        N/A       1%          4
 Fireball                 Conj/Fire      47%        3d19      1%          5
 Iskenderun's Battlesphe  Conj           87%        2d13      1%          5
 Animate Armour           Summ/Erth      100%       N/A       2%          4
 Martyr's Knell           Necr/Summ      57%        N/A       2%          4
 Borgnjor's Vile Clutch   Necr/Erth      32%        N/A       3%          5
 Confusing Touch          Hex            27%        N/A       4%          3
 Tukima's Dance           Hex            27%        N/A       4%          3
 Dimensional Bullseye     Hex/Tloc       19%        N/A       9%          4
 Metabolic Englaciation   Hex/Ice        25%        N/A       13%         5
 Summon Forest            Summ/Tloc      25%        N/A       13%         5
 Starburst                Conj/Fire      47%        6d13      1%          6
 Conjure Ball Lightning   Conj/Air       38%        3x3d12    6%          6
 Eringya's Noxious Bog    Alch           36%        4d6       9%          6
 Sculpt Simulacrum        Ice/Alch       34%        N/A       14%         6
 Permafrost Eruption      Ice/Erth       32%        2x4d10    21%         6
 Death Channel            Necr           32%        N/A       22%         6
 Lehudib's Crystal Spear  Conj/Erth      38%        10d10     94%         8
 Malign Gateway           Summ/Tloc      25%        N/A       98%         7
 Summon Hydra             Summ           25%        N/A       98%         7
 Discord                  Hex            13%        N/A       100%        8
 Disjunction              Tloc           25%        N/A       100%        8
 Maxwell's Capacitive Co  Air            32%        ∞         100%        8
 Summon Horrible Things   Summ           25%        N/A       100%        8


Dungeon Overview and Level Annotations

Branches:
Dungeon (15/15)            Temple (1/1) D:6            Lair (3/5) D:11
 Shoals (4/4) Lair:2       Spider (4/4) Lair:3          Orc (2/2) D:12
    Elf (0/3) Orc:2        Vaults (2/5) D:14         Depths (0/4) D:15
  IceCv (visited)
  Crypt: Vaults:2-3

Altars:
Ashenzari
Cheibriados
Dithmenos
Elyvilon
Fedhas
Gozag
Hepliaklqana
Kikubaaqudgha
Makhleb
Nemelex Xobeh
Okawaru
Qazlal
Ru
Sif Muna
Trog
Uskayaw
Vehumet
Wu Jian
Xom
Yredelemnul
Zin
The Shining One
Beogh

Shops:
D:9 !:[=!   D:10 *((*   D:11 :   D:12 [(   D:14 !   Orc:1 (   Orc:2 :((:(
Shoals:4 (

Annotations:
Vaults:2 4 exclusions, Mennas


Innate Abilities, Weirdness & Mutations

Your serpentine skin is tough. (AC +6)
You have supernaturally acute eyesight. (SInv)
Armour fits poorly on your strangely shaped body.
Your system is resistant to poisons. (rPois)
You cover ground very slowly.
You can spit poison.
You can use your snake-like lower body to constrict enemies.
You are weak. (Str -2)


Message History

The war gargoyle is lightly damaged.
The peacekeeper hurls a volley of spikes at you.
The volley of spikes skewers you!
Barbed spikes become lodged in your body.
The war gargoyle launches metal splinters at you.
You block the spray of metal splinters.
You puncture the war gargoyle! You grab the war gargoyle.
The war gargoyle is moderately damaged.
You constrict the war gargoyle, but do no damage.
The war gargoyle hits you but does no damage.
You feel drained.
The peacekeeper roars a battlecry!
The war gargoyle goes into a battle-frenzy!
You puncture the war gargoyle!
The war gargoyle is heavily damaged.
You constrict the war gargoyle!
The war gargoyle hits you with a +0 morningstar of draining!
You feel drained.
The war gargoyle launches metal splinters at you.
The spray of metal splinters hits you.
You puncture the war gargoyle!
The war gargoyle is almost destroyed.
You constrict the war gargoyle, but do no damage.
The war gargoyle hits you with a +0 morningstar of draining!!!
You feel drained.
The war gargoyle hits you with a +0 morningstar of draining!!!
You feel drained.
* * * LOW HITPOINT WARNING * * *
You are too injured to fight recklessly!
Unknown command.
Unknown command.
Casting: Sublimation of Blood (safe; 1% risk of failure)
Confirm with . or Enter, or press ? or * to list all spells.
You blink.
You lose your grip on the war gargoyle.
You carefully extract the barbed spikes from your body.
The peacekeeper bites you. The peacekeeper claws you.
* * * LOW HITPOINT WARNING * * *
The war gargoyle hits you with a +0 morningstar of draining!!!
You die...
Cheibriados appreciates the motionlessness of death.

#...... #..###'
#################).+.#.
#........#.....))..####
#........#....).#..+.#
#........'§.....#.)####
.#........#......#.)#.#)
.'.....99.#......#.)#'#'
.'....!@..#......#......
.#################......
#######


You could see a war gargoyle (strong) and a peacekeeper.

Vanquished Creatures
  Mara (Shoals:3)
  Rupert (D:15)
  Jorgrun (D:15)
  A lich (IceCv)
  The ghost of bezhaha the Eclecticist, an adept OnFE of Vehumet (Shoals:4)
  2 krakens (Shoals:4)
  Frances (Shoals:1)
  A tengu reaver (Vaults:1)
  10 vault wardens
  4 ghost moths
  3 emperor scorpions
  5 ironbound preservers
  A very ugly thing (IceCv)
  5 formless jellyfish
  A broodmother (Spider:4)
  4 ironbound thunderhulks
  4 spark wasps
  The ghost of Gaen the Severer, a journeyman MiFi of Okawaru (Lair:3)
  2 ettins (Vaults:2)
  5 merfolk javelineers (Shoals:4)
  A fire dragon (D:15)
  A crystal guardian (Vaults:2)
  9 merfolk impalers
  2 yaktaur captains (Vaults:2)
  6 entropy weavers
  16 vault guards
  Josephine (D:15)
  An ice dragon (D:15)
  Erolcha (D:13)
  A caustic shrike simulacrum (IceCv)
  An ironbound frostheart (Vaults:1)
  4 hydras
  An ogre mage (D:15)
  2 peacekeepers
  A catoblepas (Lair:2)
  3 merfolk avatars
  Erica (Orc:1)
  3 jorogumos
  3 satyrs
  An alligator snapping turtle (Shoals:4)
  A dancing weapon (Shoals:4)
  8 radroaches
  13 centaur warriors
  11 boulder beetles
  6 two-headed ogres
  5 merfolk aquamancers
  3 orc high priests (Orc:2)
  Urug (Orc:1)
  A tengu warrior (D:10)
  5 demonic crawlers
  Sonja (D:10)
  4 skysharks
  Amaemon (D:11)
  8 pharaoh ants
  Lodul (D:13)
  17 orb spiders
  10 skeletal warriors
  4 deep trolls (Vaults:1)
  8 sea snakes
  A glowing orange brain (Vaults:1)
  3 bog bodies (IceCv)
  A spriggan simulacrum (IceCv)
  7 orc knights
  4 sun moths
  An orange crystal statue (Shoals:3)
  21 harpies
  An obsidian statue (IceCv)
  3 deep elf pyromancers
  A necromancer (IceCv)
  3 arcanists
  4 ironbound convokers
  22 ugly things
  5 steelbarb worms
  8 lindwurms
  5 orc sorcerers (Orc:2)
  13 manticores
  3 oklob plants (D:11)
  10 fauns
  31 wolf spiders
  5 moths of wrath
  2 cyclopes
  5 kobold blastminers
  A meliai (shapeshifter) (D:14)
  8 merfolk sirens
  12 meliai
  7 vault sentinels
  4 black mambas
  2 water nymphs (Shoals:3)
  4 torpor snails
  9 cane toads
  2 gargoyles
  Maggie (D:6)
  23 yaktaurs
  4 rime drakes
  3 komodo dragons
  3 efreet
  15 freezing wraiths
  A golden dragon simulacrum (IceCv)
  5 anaconda simulacra (IceCv)
  2 ice devils (IceCv)
  A queen bee (D:9)
  4 tyrant leeches (Spider:4)
  3 wind drakes
  Grinder (D:6)
  38 merfolk
  11 trolls
  4 alligator simulacra (IceCv)
  6 snapping turtles
  32 tarantellas
  10 blink frogs
  13 slime creatures
  A shadow (D:10)
  29 culicivoras
  37 jumping spiders
  4 dire elephant simulacra (IceCv)
  5 wraiths
  6 water elementals
  23 yaks
  A human (Vaults:1)
  An elf (Vaults:1)
  2 wargs
  4 basilisks
  2 steam dragons
  A vampire mosquito (D:14)
  2 minotaur simulacra (IceCv)
  70 redbacks
  A harpy simulacrum (IceCv)
  Edmund (D:6)
  Duvessa (D:7)
  4 water moccasins
  A hydra simulacrum (IceCv)
  20 orc warriors
  3 black bears
  10 ogres
  3 ettin simulacra (IceCv)
  14 wolves (Lair:1)
  7 centaurs
  2 kobold brigands
  14 bullfrogs
  2 gnoll sergeants
  A deep troll simulacrum (IceCv)
  A scorpion (D:4)
  13 wights
  Dowan (D:7)
  26 killer bees (D:9)
  4 lindwurm simulacra (IceCv)
  An electric eel (D:8)
  A lava snake (D:15)
  5 howler monkeys
  3 hounds
  A bombardier beetle (D:4)
  2 jellies (D:6)
  17 orc priests
  A gnoll bouda (D:7)
  A hound (shapeshifter) (D:13)
  Jessica (D:3)
  3 iguanas
  30 orc wizards
  18 gnolls
  9 adders
  A shadow imp (D:5)
  A white imp (D:7)
  5 dart slugs
  A ribbon worm (D:3)
  68 orcs
  7 ball pythons
  An endoplasm (D:2)
  A giant cockroach (D:1)
  3 goblins
  6 hobgoblins
  5 jackals (D:1)
  13 kobolds
  3 quokkas
  4 bats (D:2)
  A frilled lizard (D:3)
  4 rats
  8 tentacles (Shoals:4)
1151 creatures vanquished.

Vanquished Creatures (collateral kills)
  An orange demon (D:11)
  A shadow (D:9)
  A wraith (D:14)
  An orc warrior (D:7)
  A centaur (D:11)
  A bullfrog (D:5)
  2 wights (D:7)
  3 killer bees (D:9)
  A bombardier beetle (D:6)
  An orc priest (D:7)
  2 hounds
  An orc wizard (D:3)
  8 gnolls
  3 adders
  2 white imps (D:6)
  A ribbon worm (D:2)
  2 dart slugs (D:2)
  11 orcs
  4 bats
  4 endoplasms
  A goblin (D:2)
  3 hobgoblins
  9 kobolds
  3 quokkas
  2 ball pythons
  4 frilled lizards
  4 rats
77 creatures vanquished.

Vanquished Creatures (others)
  An electric eel (D:8)
  An orc wizard (Orc:2)
  8 tentacles (Shoals:4)
10 creatures vanquished.

Grand Total: 1238 creatures vanquished

Notes
Turn   | Place    | Note
-------+----------+-------------------------------------------
     0 | D:1      | tabpardr the Naga Hedge Wizard began the quest for the Orb.
     0 | D:1      | Reached XP level 1. HP: 15/15 MP: 4/4
   224 | D:1      | Reached XP level 2. HP: 14/22 MP: 1/6
   235 | D:1      | Learned a level 2 spell: Call Imp
   676 | D:1      | Reached XP level 3. HP: 23/28 MP: 7/7
   687 | D:1      | HP: 1/28 [poisoned by a goblin]
   689 | D:1      | Learned a level 3 spell: Mephitic Cloud
   692 | D:1      | Learned a level 2 spell: Blink
  1167 | D:2      | Identified the +6 long sword "Fugucuv" {freeze, rC- rN+
                  | Will+ Int+3}
  1296 | D:2      | Reached skill level 1 in Alchemy
  1296 | D:2      | Reached XP level 4. HP: 36/36 MP: 9/9
  1915 | D:3      | Reached skill level 1 in Air Magic
  1915 | D:3      | Reached XP level 5. HP: 41/42 MP: 8/11
  2056 | D:3      | Found a faded altar of an unknown god.
  2315 | D:3      | Reached XP level 6. HP: 49/49 MP: 9/12
  2780 | D:3      | Noticed Jessica
  2785 | D:3      | Killed Jessica
  2824 | D:3      | Found a shimmering blue altar of Sif Muna.
  2977 | D:4      | You are sucked into a shaft and drop 1 floor!
  2977 | D:5      | Entered Level 5 of the Dungeon
  3020 | D:4      | Noticed a black bear
  3127 | D:4      | Killed a black bear
  3378 | D:4      | Reached XP level 7. HP: 55/55 MP: 13/13
  3937 | D:5      | Reached skill level 1 in Fighting
  4263 | D:5      | Found a shimmering altar of Xom.
  4350 | D:5      | Reached skill level 5 in Spellcasting
  4350 | D:5      | Reached XP level 8. HP: 54/64 MP: 9/15
  4667 | D:5      | Reached skill level 5 in Stealth
  5124 | D:6      | Noticed Edmund
  5162 | D:6      | Noticed Maggie
  5225 | D:6      | Learned a level 2 spell: Sublimation of Blood
  5259 | D:6      | Killed Edmund
  5453 | D:6      | Found a broken altar of Ashenzari.
  5453 | D:6      | Found a glowing golden altar of the Shining One.
  5515 | D:6      | Found a staircase to the Ecumenical Temple.
  5573 | D:6      | Reached skill level 5 in Fighting
  5585 | D:6      | Learned a level 5 spell: Irradiate
  5705 | Temple   | Entered the Ecumenical Temple
  5713 | Temple   | Became a worshipper of Cheibriados the Contemplative
  5762 | D:6      | Reached skill level 1 in Necromancy
  5936 | D:7      | Noticed Duvessa
  5936 | D:7      | Noticed Dowan
  5953 | D:7      | Reached XP level 9. HP: 81/81 MP: 6/16
  5957 | D:7      | Killed Dowan
  5965 | D:7      | Killed Duvessa
  6373 | D:6      | Reached skill level 1 in Armour
  6411 | D:6      | Noticed Grinder
  6430 | D:6      | Killed Grinder
  6462 | D:6      | Killed Maggie
  6463 | D:6      | Reached skill level 5 in Alchemy
  6553 | D:7      | Reached * piety under Cheibriados
  6836 | D:7      | Reached skill level 5 in Conjurations
  6848 | D:7      | Learned a level 5 spell: Freezing Cloud
  6891 | D:7      | Reached skill level 1 in Ice Magic
  6891 | D:7      | Reached XP level 10. HP: 43/76 MP: 10/20
  6899 | D:7      | Learned a level 3 spell: Stone Arrow
  7330 | D:8      | Reached ** piety under Cheibriados
  7564 | D:8      | Reached skill level 1 in Shields
  7816 | D:8      | Reached *** piety under Cheibriados
  7922 | D:8      | Reached skill level 5 in Air Magic
  8066 | D:9      | Found Vuedghir's Distillery.
  8071 | D:9      | Bought a potion of heal wounds for 70 gold pieces
  8071 | D:9      | Bought a potion of lignification for 42 gold pieces
  8071 | D:9      | Bought a potion of mutation for 112 gold pieces
  8071 | D:9      | Bought a potion of brilliance for 56 gold pieces
  8076 | D:8      | Identified 2 scrolls of acquirement
  8076 | D:8      | Acquired 731 gold pieces
  8077 | D:8      | Acquired a +0 barding of fire resistance
  8331 | D:9      | Noticed a two-headed ogre
  8347 | D:9      | Killed a two-headed ogre
  8348 | D:9      | Reached XP level 11. HP: 94/94 MP: 4/23
  8451 | D:9      | Found Fuploask's Distillery.
  8460 | D:9      | Bought a potion of degeneration for 13 gold pieces
  8461 | D:9      | Bought 2 potions of brilliance for 104 gold pieces
  8461 | D:9      | Bought a potion of lignification for 39 gold pieces
  8461 | D:9      | Bought a potion of heal wounds for 65 gold pieces
  8461 | D:9      | Bought a potion of heal wounds for 65 gold pieces
  8461 | D:9      | Bought a potion of enlightenment for 65 gold pieces
  8461 | D:9      | Bought a potion of curing for 39 gold pieces
  8588 | D:9      | Reached **** piety under Cheibriados
  8610 | D:9      | Found Hunushramp's Armour Boutique.
  8716 | D:9      | Found Cudaf's Jewellery Boutique.
  8728 | D:9      | Bought an amulet of regeneration for 390 gold pieces
  8770 | D:9      | Found Bahosoe's Book Shop.
  8953 | D:9      | Reached ***** piety under Cheibriados
  9044 | D:10     | Entered Level 10 of the Dungeon
  9044 | D:10     | Noticed a tengu warrior
  9044 | D:10     | Found Asusta's Weapon Boutique.
  9100 | D:10     | Noticed Sonja
  9102 | D:10     | Killed Sonja
  9103 | D:10     | Reached skill level 10 in Spellcasting
  9111 | D:10     | Killed a tengu warrior
  9180 | D:10     | Found Ijuoz's Antique Weapon Boutique.
  9241 | D:10     | Found Vaoz's Assorted Antiques.
  9247 | D:10     | Bought a scroll labelled WOLUT KIEWNIDGH for 30 gold pieces
  9268 | D:10     | Noticed a centaur warrior
  9275 | D:10     | Killed a centaur warrior
  9276 | D:10     | Reached skill level 5 in Ice Magic
  9308 | D:10     | Found Tofodd's Assorted Antiques.
  9309 | D:10     | Noticed a manticore
  9328 | D:10     | Killed a manticore
  9334 | D:10     | Bought a scroll labelled WUOPSUOVANANK for 29 gold pieces
  9334 | D:10     | Bought a scroll labelled UZAXOU KAEH for 29 gold pieces
  9408 | D:11     | Noticed a brown ugly thing
  9422 | D:11     | Killed a brown ugly thing
  9423 | D:11     | Reached skill level 5 in Shields
  9469 | D:11     | Reached skill level 2 in Fire Magic
  9501 | D:11     | Noticed an oklob plant
  9627 | D:11     | Reached skill level 3 in Fire Magic
  9709 | D:11     | Found a staircase to the Lair.
  9709 | D:11     | Noticed an oklob plant
  9709 | D:11     | Noticed an oklob plant
  9828 | D:11     | Noticed a two-headed ogre
  9837 | D:11     | Killed a two-headed ogre
  9838 | D:11     | Reached skill level 4 in Fire Magic
  9838 | D:11     | Reached XP level 12. HP: 99/103 MP: 18/26
  9956 | D:11     | Noticed Amaemon
  9976 | D:11     | Killed Amaemon
  9977 | D:11     | Reached skill level 5 in Fire Magic
  9988 | D:11     | Found Yrius's Book Boutique.
 10071 | D:11     | Found a shadowy altar of Dithmenos.
 10237 | D:11     | Reached skill level 6 in Fire Magic
 10873 | D:11     | Reached skill level 7 in Fire Magic
 11125 | D:12     | Found Elust's Armour Boutique.
 11202 | D:12     | Found Ypnaolue's Weapon Shoppe.
 11305 | D:12     | Found a staircase to the Orcish Mines.
 11312 | D:12     | Found a roughly hewn altar of Beogh.
 11484 | D:12     | Reached skill level 1 in Polearms
 11785 | D:13     | Noticed a centaur warrior
 11791 | D:13     | Killed a centaur warrior
 11922 | D:13     | Noticed a centaur warrior
 11923 | D:13     | Noticed Lodul
 11931 | D:13     | Killed Lodul
 11933 | D:13     | Killed a centaur warrior
 11936 | D:13     | Reached skill level 8 in Fire Magic
 12095 | D:13     | Noticed Erolcha
 12106 | D:13     | Killed Erolcha
 12237 | D:13     | Noticed a boulder beetle
 12252 | D:13     | Killed a boulder beetle
 12253 | D:13     | Gained mutation: You can use your snake-like lower body to
                  | constrict enemies. [Naga growth]
 12253 | D:13     | Reached XP level 13. HP: 114/114 MP: 21/27
 12647 | D:14     | Found Qaff's Distillery.
 12657 | D:14     | Bought a potion of heal wounds for 75 gold pieces
 12657 | D:14     | Bought a potion of magic for 120 gold pieces
 12657 | D:14     | Bought a potion of brilliance for 60 gold pieces
 12657 | D:14     | Bought a potion of heal wounds for 75 gold pieces
 12657 | D:14     | Bought a potion of might for 60 gold pieces
 12727 | D:14     | Acquired 656 gold pieces
 12839 | D:14     | Reached skill level 1 in Invocations
 12905 | D:14     | Reached ****** piety under Cheibriados
 12918 | D:14     | Noticed a vault guard
 12932 | D:14     | Killed a vault guard
 12933 | D:14     | Reached skill level 5 in Invocations
 12967 | D:14     | Found a gate to the Vaults.
 13597 | D:15     | Entered Level 15 of the Dungeon
 13597 | D:15     | Noticed Rupert
 13664 | D:15     | Noticed Josephine
 13673 | D:15     | Killed Josephine
 13865 | D:15     | Reached XP level 14. HP: 96/123 MP: 10/28
 13867 | D:15     | Reached skill level 10 in Invocations
 13924 | D:15     | Reached skill level 9 in Fire Magic
 13924 | D:15     | Reached skill level 1 in Earth Magic
 14091 | D:15     | Noticed Jorgrun
 14251 | D:15     | Killed Jorgrun
 14376 | D:15     | Found a staircase to the Depths.
 14638 | D:15     | Killed Rupert
 14735 | Orc:1    | Entered Level 1 of the Orcish Mines
 14745 | Orc:1    | Noticed Erica
 14764 | Orc:1    | Killed Erica
 14956 | Orc:2    | Entered Level 2 of the Orcish Mines
 15015 | Orc:2    | Found Eskuyz's Book Shop.
 15017 | Orc:1    | Found Mapiewu's Antique Weapon Emporium.
 15023 | Orc:1    | Noticed Urug
 15035 | Orc:1    | Killed Urug
 15173 | Orc:1    | Reached skill level 10 in Stealth
 15411 | D:10     | Bought a scroll of acquirement for 1560 gold pieces
 15411 | D:10     | Acquired the +2 barding of the Plum {rF+ rCorr Str+3}
 15597 | Orc:2    | Found a roughly hewn altar of Beogh.
 15769 | Orc:2    | Reached skill level 10 in Fire Magic
 15826 | Orc:2    | Found Kingi's Weapon Emporium.
 15830 | Orc:2    | Found Arumajiesh's Book Shop.
 15844 | Orc:2    | Found Barawa Cipsa's Antique Weapon Shop.
 15846 | Orc:2    | Found Xer Bea's Weapon Emporium.
 15892 | Orc:2    | Reached skill level 11 in Fire Magic
 15991 | Orc:2    | Found a staircase to the Elven Halls.
 16040 | Orc:2    | Reached XP level 15. HP: 126/132 MP: 20/29
 16138 | Orc:2    | Learned a level 8 spell: Ignition
 16210 | Lair:1   | Entered Level 1 of the Lair of Beasts
 16496 | Lair:1   | You are sucked into a shaft and drop 1 floor!
 16678 | Lair:1   | Reached skill level 12 in Fire Magic
 17102 | Lair:2   | Found a staircase to the Shoals.
 17837 | Lair:3   | Found a hole to the Spider Nest.
 17844 | Lair:3   | Learned a level 4 spell: Olgreb's Toxic Radiance
 17860 | Spider:1 | Entered Level 1 of the Spider Nest
 18087 | Lair:3   | Found a runed translucent door.
 18087 | Lair:3   | Noticed Gaen's ghost (journeyman MiFi)
 18772 | Lair:3   | Killed Gaen's ghost
 18973 | Spider:1 | Reached skill level 10 in Shields
 19028 | Spider:1 | Reached skill level 13 in Fire Magic
 19151 | Spider:1 | Reached XP level 16. HP: 112/140 MP: 6/31
 19291 | Spider:1 | Reached skill level 14 in Fire Magic
 19877 | Spider:2 | Acquired a book of the Spheres
 19911 | Spider:2 | Learned a level 4 spell: Dispel Undead
 20235 | Spider:2 | Found a roughly hewn altar of Beogh.
 20835 | Spider:3 | Reached XP level 17. HP: 94/146 MP: 26/34
 20991 | Spider:3 | Reached skill level 15 in Fire Magic
 21481 | Spider:4 | Entered Level 4 of the Spider Nest
 22062 | Spider:4 | Reached skill level 16 in Fire Magic
 22163 | Spider:4 | Gained mutation: You are weak. (Str -2) [mutagenic glow]
 22557 | Spider:4 | Got a gossamer rune of Zot
 22956 | Orc:2    | Bought a manual of Earth Magic for 1280 gold pieces
 23095 | Shoals:1 | Entered Level 1 of the Shoals
 23224 | Shoals:1 | Reached skill level 17 in Fire Magic
 23312 | Shoals:1 | Identified the +2 ring mail of Fortitude {Harm Regen+}
 23608 | Shoals:1 | Got the Lectures on Rot
 23714 | Shoals:1 | Noticed Frances
 23723 | Shoals:1 | Killed Frances
 23724 | Shoals:1 | Reached XP level 18. HP: 96/154 MP: 35/35
 24928 | Shoals:3 | Noticed Mara
 25110 | Shoals:3 | Got the Volume of Stony Power
 25507 | Shoals:4 | Entered Level 4 of the Shoals
 25509 | Shoals:4 | Found a glacial archway.
 25518 | IceCv    | Entered an ice cave
 25596 | IceCv    | Learned a level 7 spell: Orb of Destruction
 25794 | IceCv    | Found an ancient bone altar of Kikubaaqudgha.
 25892 | IceCv    | Noticed a lich
 25898 | IceCv    | Killed a lich
 26428 | Shoals:4 | Got a barnacled rune of Zot
 26546 | Shoals:4 | Found a runed translucent door.
 26548 | Shoals:4 | Found a shimmering altar of Xom.
 26548 | Shoals:4 | Noticed bezhaha's ghost (adept OnFE)
 26558 | Shoals:4 | Killed bezhaha's ghost
 26561 | Shoals:4 | Got Sif Muna's Codex of the Frostbitten Salamander
 26563 | Shoals:4 | Identified the +3 ring mail "Zavol" {Str+3}
 26721 | Shoals:4 | Reached skill level 10 in Conjurations
 26721 | Shoals:4 | Reached XP level 19. HP: 129/163 MP: 8/37
 26869 | Shoals:4 | Found Ummo Jat's Weapon Boutique.
 27062 | Shoals:4 | Identified the +5 short sword of Nolo Contendere {freeze,
                  | rPois Str+4 Dex-3}
 27469 | Shoals:3 | Killed Mara
 27738 | Vaults:1 | Entered Level 1 of the Vaults
 27918 | Vaults:1 | Paralysed by a formless jellyfish for 1 turns
 28053 | Vaults:1 | Paralysed by a formless jellyfish for 1 turns
 28196 | Vaults:1 | Reached skill level 5 in Necromancy
 28374 | Vaults:1 | Reached skill level 1 in Evocations
 28570 | Vaults:1 | Reached skill level 5 in Earth Magic
 28714 | Vaults:1 | Reached skill level 5 in Armour
 28816 | Vaults:1 | Reached XP level 20. HP: 150/171 MP: 16/38
 29055 | Vaults:1 | Reached skill level 1 in Ranged Weapons
 29357 | Vaults:2 | Noticed Mennas
 30041 | Vaults:2 | Reached skill level 15 in Spellcasting
 30096 | Vaults:2 | Slain by a war gargoyle

Illustrated notes

Levels and vault maps discovered:
D:1:      saegor_arrival_fortress, layout_basic, minmay_tall_x
D:2:      minmay_skewed_foursquare, layout_rooms, minmay_unequal
D:3:      minmay_spotlight, layout_basic, tgw_sif,
          shapermc_ecumenical_altar_petra, uniq_jessica
D:4:      layout_basic, st_stairs_9
D:5:      layout_layer_cave, xom_redecorated
D:6:      layout_rooms, gammafunk_temple_overflow_wave,
          minmay_temple_entry_overgrown, minmay_misc_feat_chi, minivault_22,
          uniq_grinder, uniq_edmund, uniq_maggie
D:7:      layout_loops_corners, minmay_misc_feat_rugged, uniq_duvessa
D:8:      layout_rooms, lightli_minifort
D:9:      layout_layer_cave, special_room [special_room_bee], serial_shops,
          nicolae_shop_peninsula, shop, shop, shop, nicolae_lakefront_shop
D:10:     layout_basic, serial_shops, nicolae_square_shop, shop, shop,
          nicolae_stop_n_shop_2, uniq_sonja
D:11:     layout_layer_cave, dpeg_oklobed_lair, serial_shops,
          nicolae_shop_tiny_statue_garden, nicolae_dithmenos_the_darkroom,
          uniq_amaemon
D:12:     layout_basic, minmay_orc_entry_temple_small, serial_shops, shop,
          nicolae_shop_bloodbath_and_beyond
D:13:     layout_long_grid, minmay_misc_feat_five, uniq_erolcha, uniq_lodul
D:14:     layout_gridville, david_vaults_5, serial_shops, nicolae_square_shop,
          hangedman_glass_teeth, dreamdust_wishing_well, serial_bayou_lagoon_a
D:15:     grunt_enter_depths_hoard, layout_basic, nicolae_lava_and_water,
          uniq_rupert, uniq_jorgrun, uniq_josephine
Temple:   eino_narrow_crystal_temple
Lair:1:   layout_roguey, amcnicky_mini_pool_medium
Lair:2:   layout_small_grid, minmay_shoals_entry_beasts, grunt_megastairs_1,
          lemuel_fruit_tree, lemuel_fruit_fields
Lair:3:   layout_hall_layers, spider_nest_entry_a, gammafunk_ghost_grave,
          grunt_megastairs_4
Shoals:1: layout_shoals, uniq_frances
Shoals:2: layout_shoals, nicolae_shoals_former_cling_halls
Shoals:3: layout_shoals, overgrown_statue, uniq_mara
Shoals:4: shoals_end_simple, layout_shoals, ebering_ghost_xom, serial_shops,
          shop, portal_ice_cave_entry_pillars_three
Spider:1: layout_spider_delve
Spider:2: nicolae_spider_mines_2
Spider:3: nicolae_spider_hilbert_zone_2 [nicolae_spider_hilbert_4_sides_1_open,
          nicolae_spider_hilbert_4_sides_1_open,
          nicolae_spider_hilbert_4_sides_1_open,
          nicolae_spider_hilbert_4_sides_1_open,
          nicolae_spider_hilbert_6_sides_1_open,
          nicolae_spider_hilbert_6_sides_1_open,
          nicolae_spider_hilbert_3_sides_1_open,
          nicolae_spider_hilbert_3_sides_1_open,
          nicolae_spider_hilbert_3_sides_1_open,
          nicolae_spider_hilbert_3_sides_1_open,
          nicolae_spider_hilbert_6_sides_1_open,
          nicolae_spider_hilbert_6_sides_1_open,
          nicolae_spider_hilbert_6_sides_1_open,
          nicolae_spider_hilbert_6_sides_1_open],
          nicolae_spider_baby_got_redback
Spider:4: grunt_spider_rune_parallel, hangedman_stitches_earthworm
Orc:1:    layout_caves, serial_shops, shop, uniq_urug, uniq_erica
Orc:2:    st_orc_elflike, layout_caves, serial_shops, nicolae_diamond_shop,
          nicolae_orc_beogh_chapel
Vaults:1: nicolae_vaults_closet_pinwheel_2, nicolae_vaults_closet_pinwheel_6,
          nicolae_vaults_heist, v_alt_pattern_5, vaults_mumra_minichess,
          v_rooms_5, nicolae_vaults_angled_halls, nicolae_vaults_apartment_2,
          nicolae_vaults_holding_cells, vaults_room_door_ring,
          vaults_dpeg_encased_lava, layout_vaults_big_room
Vaults:2: nicolae_vaults_steering_wheel, nicolae_vaults_closet_pinwheel_1,
          ontoclasm_vaults_claustrophobia, nicolae_vaults_what_the_h,
          grunt_vaults_trifunnel, st_greater_box_3, v_misc_31, v_misc_10,
          ontoclasm_vaults_decontamination, nicolae_vaults_little_squares_6,
          grunt_vaults_hallway_short, layout_vaults_big_cross, uniq_margery,
          uniq_norris, uniq_mennas, uniq_xtahua

Skill      XL: |  1  2  3  4  5  6  7  8  9 10 11 12 13 14 15 16 17 18 19 20 |
---------------+-------------------------------------------------------------+-----
Summonings     | 2 3 |  3.0
Alchemy        | 1 2 3 4 5 6 8 |  8.0
Spellcasting   | 4 5 7 8 10 11 13 14 15 | 15.0
Air Magic      | 1 2 3 4 6 |  6.0
Conjurations   | 2 3 4 5 6 10 12 | 12.2
Fighting       | 1 5 6 7 8 9 |  9.2
Dodging        | 2 3 4 |  4.7
Stealth        | 4 5 10 11 | 11.9
Necromancy     | 1 2 4 5 |  5.9
Translocations | 2 3 |  3.0
Armour         | 2 3 4 5 |  5.0
Ice Magic      | 1 3 6 |  6.0
Shields        | 2 5 7 8 10 12 | 12.6
Fire Magic     | 4 8 11 13 14 17 | 17.2
Polearms       | 2 |  2.0
Invocations    | 9 10 11 | 11.0
Earth Magic    | 1 3 5 6 |  6.0
Evocations     | 1 |  1.0
Ranged Weapons | 1 |  1.8

Action                     |  1- 3 |  4- 6 |  7- 9 | 10-12 | 13-15 | 16-18 | 19-21 || total
---------------------------+-------+-------+-------+-------+-------+-------+-------++-------
  Melee: Dagger            |    30 |    20 |       |       |       |       |       ||    50
         Halberd           |       |    58 |   146 |    19 |       |       |       ||   223
         Spear             |       |       |   117 |   515 |   766 |   464 |       ||  1862
         Constrict         |       |       |       |       |   188 |   156 |    57 ||   401
         Trident           |       |       |       |       |       |   197 |    99 ||   296
         Demon trident     |       |       |       |       |       |       |   124 ||   124
   Fire: Sling             |       |     1 |       |       |       |       |       ||     1
         Hand cannon       |       |       |       |       |       |       |     6 ||     6
  Throw: Stone             |     3 |     9 |    20 |     6 |       |       |       ||    38
         Dart              |       |       |       |     6 |    24 |    23 |       ||    53
         Throwing net      |       |       |       |       |     1 |       |       ||     1
         Javelin           |       |       |       |       |       |       |    14 ||    14
   Cast: Magic Dart        |    16 |    19 |    15 |     8 |       |       |       ||    58
         Call Imp          |    15 |    24 |    64 |    40 |    13 |       |       ||   156
         Mephitic Cloud    |       |     4 |    27 |    74 |    52 |    30 |    17 ||   204
         Blink             |       |       |     4 |     2 |     8 |     8 |    10 ||    32
         Stone Arrow       |       |       |       |    20 |    18 |     6 |     5 ||    49
         Sublimation of Bl |       |       |       |    16 |    46 |    85 |    27 ||   174
         Freezing Cloud    |       |       |       |    20 |    50 |   108 |    48 ||   226
         Irradiate         |       |       |       |     2 |    32 |     5 |       ||    39
         Olgreb's Toxic Ra |       |       |       |       |    25 |   105 |     2 ||   132
         Ignition          |       |       |       |       |       |    49 |    13 ||    62
         Orb of Destructio |       |       |       |       |       |     8 |    33 ||    41
         Dispel Undead     |       |       |       |       |       |     3 |       ||     3
 Invoke: Slouch            |       |       |       |     1 |     5 |    22 |     3 ||    31
         Step From Time    |       |       |       |       |     4 |       |     1 ||     5
Ability: Spit Poison       |    20 |    27 |    42 |    28 |    18 |    21 |     8 ||   164
  Evoke: Wand              |       |       |       |       |     1 |     4 |    10 ||    15
    Use: Scroll            |       |     4 |     1 |    11 |    13 |     5 |     4 ||    38
         Potion            |       |       |     1 |       |     2 |     3 |     7 ||    13
   Stab: Confused          |       |     1 |    11 |    63 |    48 |    23 |     3 ||   149
         Distracted        |       |       |     2 |     3 |     5 |     1 |     1 ||    12
         Sleeping          |       |       |     2 |     1 |     9 |     3 |     6 ||    21
 Armour: Robe              |    33 |    49 |    83 |       |       |       |       ||   165
         Troll leather arm |       |       |   101 |   361 |   632 |   950 |   316 ||  2360
  Dodge: Dodged            |    21 |    42 |    98 |   162 |   224 |   294 |    80 ||   921
  Block: Buckler           |       |       |       |   126 |   287 |   372 |   128 ||   913

Table legend: (Time is in decaauts)
 A = Elapsed time spent in this place.
 B = Non-inter-level travel time spent in this place.
 C = Inter-level travel time spent in this place.
 D = Time resting spent in this place.
 E = Time spent auto-exploring this place.
 F = Levels seen in this place.
 G = Mean time per level.
                   A        B        C        D        E       F      G
               +--------+--------+--------+--------+--------+-----+--------+
         Total |  62956 |  56864 |   6092 |      0 |  28814 |  32 | 1967.4 |
       Dungeon |  27864 |  24734 |   3130 |      0 |  13314 |  15 | 1857.6 |
        Temple |     28 |      6 |     22 |      0 |      0 |   1 |   28.0 |
          Lair |   6653 |   6073 |    580 |      0 |   4635 |   3 | 2217.7 |
        Shoals |   9586 |   8708 |    878 |      0 |   4083 |   4 | 2396.5 |
   Spider Nest |   9118 |   8367 |    751 |      0 |   3189 |   4 | 2279.5 |
  Orcish Mines |   2805 |   2232 |    573 |      0 |   1393 |   2 | 1402.5 |
        Vaults |   5721 |   5567 |    154 |      0 |   2083 |   2 | 2860.5 |
      Ice Cave |   1178 |   1178 |      0 |      0 |    114 |   1 | 1178.0 |
               +--------+--------+--------+--------+--------+-----+--------+

Top non-repeatable levels by time:
    D:11: 3988 daAuts
Vaults:1: 3689 daAuts
Spider:4: 2965 daAuts
Spider:3: 2734 daAuts
Shoals:3: 2713 daAuts
    D:14: 2654 daAuts
Shoals:4: 2557 daAuts
  Lair:3: 2488 daAuts
    D:15: 2375 daAuts
  Lair:2: 2300 daAuts
Shoals:1: 2262 daAuts
    D:12: 2252 daAuts
Spider:1: 2192 daAuts
     D:7: 2121 daAuts
Shoals:2: 2053 daAuts
